 Dungeon Crawl Stone Soup version 0.24.0-13-gcf9b319 (webtiles) character file.

Game seed: 13401896750641987799, levelgen mode: deterministic

56 Baelor the Chiller (level 3, -5/24 HPs)
             Began as a Demonspawn Ice Elementalist on Dec 11, 2019.
             Slain by Sigmund
             ... wielding a +0 scythe
              (10 damage)
             ... on level 2 of the Dungeon.
             The game lasted 00:26:57 (2303 turns).

Baelor the Chiller (Demonspawn Ice Elementalist)    Turns: 2303, Time: 00:26:58

Health: -5/24      AC:  3    Str:  6 (8)  XL:     3   Next: 69%
Magic:  0/6        EV: 27    Int: 16 (17) God:
Gold:   111        SH:  0    Dex: 12 (13) Spells: 0/6 levels left

rFire    . . .     SeeInvis .   u - +2 dagger (flame)
rCold    . . .     Gourm    .   (no shield)
rNeg     . . .     Faith    .   a - +1 robe
rPois    .         Spirit   .   (no helmet)
rElec    .         Reflect  .   (no cloak)
rCorr    .         Harm     .   (no gloves)
MR       .....                  (no boots)
Stlth    ++........             l - amulet of the acrobat
HPRegen  0.08/turn              (no ring)
MPRegen  0.10/turn              (no ring)

@: acrobat, very slightly contaminated
A: hooves 2
a: no special abilities


You were on level 2 of the Dungeon.
You were not hungry.

You visited 1 branch of the dungeon, and saw 2 of its levels.

You collected 111 gold pieces.

Inventory:

Hand Weapons
 b - a +0 club
 f - a +0 short sword
 g - a +0 mace
 h - a +0 mace
 k - a +0 dagger
 q - a +0 dagger
 t - a +0 short sword
 u - a +2 dagger of flaming (weapon)
Missiles
 c - 20 bolts
 d - 96 stones (quivered)
 m - 17 arrows
 n - 49 sling bullets
Armour
 a - a +1 robe (worn)
 j - a +0 scale mail
Jewellery
 l - an amulet of the acrobat (around neck)
Scrolls
 e - 3 scrolls of identify {unknown}
 o - a scroll of amnesia {unknown}
Potions
 i - a potion of agility
 p - a potion of flight {unknown}
 s - a potion of haste {unknown}


   Skills:
 + Level 0.3 Maces & Flails
 + Level 2.4 Dodging
 + Level 2.2 Stealth
 + Level 2.3 Spellcasting
 + Level 1.3 Conjurations
 + Level 3.1 Ice Magic


You couldn't memorise any spells.
You knew the following spells:

 Your Spells              Type           Power        Failure   Level  Hunger
a - Freeze                Ice            ##..         5%          1    #......
b - Throw Frost           Conj/Ice       #.....       12%         2    ###....
c - Ozocubu's Armour      Chrm/Ice       #.......     32%         3    ###....

Your spell library contained the following spells:

 Spells                   Type           Power        Failure   Level  Hunger
 Throw Icicle             Conj/Ice       #.......     61%         4    #####..
 Summon Ice Beast         Ice/Summ       #.......     71%         4    #####..


Dungeon Overview and Level Annotations

Branches:
Dungeon (2/15)

Altars:

Annotations:
D:2 1 runed translucent door, Crazy Yiuf, Sigmund


Innate Abilities, Weirdness & Mutations

You have hoof-like feet.


Message History

Casting: Ozocubu's Armour (safe; 32% risk of failure)
Confirm with . or Enter, or press ? or * to list all spells.
You miscast Ozocubu's Armour.
Your skin tingles.
The bat barely misses you.
Casting: Ozocubu's Armour (safe; 32% risk of failure)
Confirm with . or Enter, or press ? or * to list all spells.
You don't have enough magic to cast that spell.
The bat completely misses you. Something misses you.
The bat closely misses you.
You hear a zap.
Something tries to affect you, but you resist.
The bat hits you but does no damage.
A magic dart appears from out of thin air!
The magic dart hits you!
* * * LOW HITPOINT WARNING * * *
The bat completely misses you. x2
The bat closely misses you.
You hear a zap.
Something tries to affect you, but you resist.
The bat completely misses you. Something hits you!
You die...

######## #.......
#....... ###########
#....... #.........#
#....... #.........#
#....... #.........#
#.......
#..@......###.......
#...b...............
#....{.>............
#.........####.#####
#.........'.##.#####
#.........#.##......
#######'###.........
....#####......
.................


You could see a bat.

Vanquished Creatures
  2 adders (D:2)
  A worm (D:2)
  3 leopard geckos
  5 bats
  4 goblins
  2 hobgoblins
  3 jackals (D:2)
  A ball python (D:2)
  2 frilled lizards
  4 kobolds (D:2)
  3 rats
30 creatures vanquished.

Notes
Turn   | Place    | Note
-------+----------+-------------------------------------------
     0 | D:1      | Baelor the Demonspawn Ice Elementalist began the quest for
                  | the Orb.
     0 | D:1      | Reached XP level 1. HP: 13/13 MP: 3/3
   253 | D:1      | Reached skill level 3 in Ice Magic
   358 | D:1      | Gained mutation: You have large cloven feet. [demonic
                  | ancestry]
   358 | D:1      | Reached XP level 2. HP: 19/19 MP: 1/5
   860 | D:2      | Learned a level 2 spell: Throw Frost
  1205 | D:2      | Found a runed translucent door.
  1206 | D:2      | Noticed Crazy Yiuf
  1593 | D:2      | Gained mutation: You have hoof-like feet. [demonic
                  | ancestry]
  1593 | D:2      | Reached XP level 3. HP: 14/24 MP: 1/6
  1806 | D:2      | HP: 1/24 [poisoned by an adder]
  2127 | D:2      | Learned a level 3 spell: Ozocubu's Armour
  2288 | D:2      | Noticed Sigmund
  2303 | D:2      | Slain by Sigmund

Levels and vault maps discovered:
D:1:      nzn_arrival_water_spiral, layout_loops_ring
D:2:      layout_basic, uniq_sigmund, uniq_crazy_yiuf_cottage

Skill      XL: |  1  2 |
---------------+-------+-----
Ice Magic      | 3 |  3.1
Stealth        | 2 |  2.2
Dodging        | 2 |  2.4
Maces & Flails | |  0.3
Spellcasting   | |  2.3
Conjurations   | |  1.3

Action                   || total
-------------------------++-------
Melee: Club              ||    13
       Unarmed           ||     2
       Mace              ||    15
       Kick              ||     3
       Dagger            ||    16
Throw: Stone             ||    23
 Cast: Freeze            ||    37
       Throw Frost       ||     8
       Ozocubu's Armour  ||     1
  Use: Potion            ||     6
       Scroll            ||     3
  Eat: Ration            ||     2
Armor: Robe              ||    35
Dodge: Dodged            ||   129
